 Dungeon Crawl Stone Soup version 0.22-a0-406-g9ff8d77 (webtiles) character file.

8841 KristoblXynda the Grappler (level 11, 0/100 HPs)
             Began as a Troll Wizard on May 8, 2018.
             Was a Believer of Ashenzari.
             Slain by a killer bee (4 damage)
             ... while paralysed
             ... on level 11 of the Dungeon.
             The game lasted 00:24:53 (9877 turns).

KristoblXynda the Grappler (Troll Wizard)           Turns: 9877, Time: 00:24:54

Health: 0/100      AC:  9    Str: 17    XL:     11   Next: 15%
Magic:  13/13      EV:  1    Int: 17    God:    Ashenzari [**....]
Gold:   451        SH:  0    Dex:  8    Spells: 10/14 levels left

rFire    . . .     SeeInvis .     - Unarmed
rCold    . . .     Gourm    +   (no shield)
rNeg     . . .     Faith    .   B - +2 robe {MR+}
rPois    .         Spirit   .   b - +1 hat
rElec    .         Reflect  .   (no cloak)
rCorr    .         Harm     .   (gloves unavailable)
MR       +....                  (boots unavailable)
Stlth    +.........             (no amulet)
HPRegen  0.66/turn              s - +1 ring of protection
MPRegen  0.13/turn              (no ring)

@: paralysed, lethally poisoned (0 -> -1), berserk cooldown, slowed
A: large, unfitting armour, claws 3, fast metabolism 3, gourmand, regeneration
1, shaggy fur 1, tough skin 2
a: Curse Item, Scrying, Renounce Religion


You were on level 11 of the Dungeon.
You worshipped Ashenzari.
Ashenzari was pleased with you.
You were not hungry.

You visited 2 branches of the dungeon, and saw 12 of its levels.
You also visited: Ossuary.

You collected 451 gold pieces.

Inventory:

Hand Weapons
 u - a +7 flail of draining
Missiles
 t - a throwing net (quivered)
Armour
 b - a +1 hat (worn)
 B - a +2 robe of magic resistance (worn)
Jewellery
 s - a +1 ring of protection (left claw)
Wands
 x - a wand of paralysis (2)
 y - a wand of enslavement (6)
 z - a wand of acid (5)
Scrolls
 c - 2 scrolls of teleportation
 f - 4 scrolls of enchant armour
 h - 11 scrolls of remove curse
 m - 3 scrolls of amnesia
 r - a scroll of magic mapping
 v - a scroll of fog
Potions
 a - a potion of heal wounds
 e - 2 potions of curing
 g - a potion of degeneration {unknown}
 i - 2 potions of resistance
 k - a potion of berserk rage
 l - a potion of agility
 n - a potion of haste
 o - 4 potions of mutation
 p - a potion of brilliance
 q - a potion of cancellation {unknown}
 w - 2 potions of might
Miscellaneous
 A - a phantom mirror
Comestibles
 d - 23 rations


   Skills:
 + Level 4.1 Fighting
 - Level 1.5 Dodging
 - Level 1.0 Stealth
 + Level 11.0 Unarmed Combat
 - Level 2.0 Spellcasting
 * Level 9.5 Conjurations
   Level 0.6 Summonings
   Level 0.6 Translocations


You had 10 spell levels left.
You knew the following spells:

 Your Spells              Type           Power        Failure   Level  Hunger
a - Magic Dart            Conj           ####         1%          1    #......
b - Mephitic Cloud        Conj/Pois/Air  ##......     16%         3    ###....


Dungeon Overview and Level Annotations

Branches:
Dungeon (11/15)            Temple (1/1) D:6            Lair (0/6) D:10
    Orc (0/2) D:9

Altars:
Ashenzari
Cheibriados
Dithmenos
Elyvilon
Fedhas
Gozag
Hepliaklqana
Kikubaaqudgha
Makhleb
Nemelex Xobeh
Okawaru
Qazlal
Ru
Sif Muna
Trog
Uskayaw
Vehumet
Wu Jian
Xom
Yredelemnul
Zin
The Shining One

Shops:
D:7 [

Annotations:
D:9 exclusion: 2 oklob plants


Innate Abilities, Weirdness & Mutations

You are too large for most types of armour.
You have claws for hands.
Your metabolism is lightning-fast.
You like to eat raw meat.
Your natural rate of healing is unusually fast.
You are covered in fur. (AC +1)
You have very tough skin. (AC +2)


Message History

You claw the two-headed ogre!
The two-headed ogre is severely wounded.
You mangle the two-headed ogre!!
You kill the two-headed ogre!
You hear a splash. x2
Your Unarmed Combat skill increases to level 11!
You enter the shallow water.
Moving in this stuff is going to be slow.
You feel a strong urge to attack something.
A killer bee comes into view.
The killer bee buzzes angrily.
You hear an angry buzzing noise. x4
You feel your anger nearly subside.
You are no longer berserk.
You pass out from exhaustion.
You feel yourself slow down.
The killer bee stings you but does no damage.
The killer bee stings you!
* * * LOW HITPOINT WARNING * * *
You are poisoned.
The killer bee poisons you! The killer bee stings you.
You die...

* * , , * * , * , , *
,,, ,, ,, * , , , , ,
,* , ** * , , ,, * * ,
*, ,
,.#.#.#############≈
......y@.≈.......≈≈≈≈≈≈
, * *
.#.#.###≈≈)#####≈≈≈≈≈≈≈
> , $...≈≈≈≈≈...;≈≈≈≈≈≈
* #.#≈≈≈≈≈≈≈##≈≈≈≈≈# ≈
,#.≈≈≈≈≈≈≈≈≈##≈≈≈≈# , ,
* #≈≈≈≈≈≈≈≈≈≈≈##;≈≈# ,
, ,
,#.≈≈≈≈≈≈≈≈.......##*
#.#≈≈≈≈≈≈≈........# *#
#...≈≈≈≈≈.......#.#


You could see a killer bee.

Vanquished Creatures
  2 two-headed ogres
  An ugly thing (D:10)
  2 centaur zombies (D:10)
  Psyche (D:10)
  A meliai (D:10)
  Prince Ribbit (D:8)
  A hippogriff (D:10)
  A water elemental (D:11)
  A wyvern (D:9)
  2 yaks (D:10)
  A hungry ghost (D:11)
  2 wargs (D:10)
  4 ice beasts
  2 phantoms (D:9)
  4 orc warriors
  2 sky beasts (D:10)
  6 ogres
  4 centaurs
  A big kobold (D:7)
  3 bullfrogs
  A gnoll sergeant (D:8)
  2 water moccasin zombies (Ossuary)
  2 scorpions
  2 troll zombies (D:9)
  5 killer bees (D:9)
  6 howler monkeys
  3 crimson imps
  A bullfrog zombie (D:8)
  4 hounds
  6 jellies
  6 orc priests
  A bullfrog skeleton (D:5)
  2 centaur skeletons
  5 orc wizards
  6 worker ants
  2 killer bee zombies (D:8)
  A big kobold zombie (Ossuary)
  5 ogre zombies (D:9)
  2 hound zombies
  A hound skeleton (D:5)
  2 mummies (Ossuary)
  A worker ant zombie (D:10)
  9 adders
  3 gnolls (D:8)
  A howler monkey skeleton (D:5)
  A shadow imp (D:8)
  8 adder zombies
  An adder skeleton (D:4)
  2 dart slugs
  5 worms
  7 leopard geckos
  24 orcs
  A ball python (D:5)
  10 giant cockroaches
  4 gnoll zombies
  6 hobgoblins
  5 jackals
  13 kobolds
  3 quokkas
  8 bats
  8 frilled lizards
  7 goblins
  A goblin skeleton (D:9)
  3 goblin zombies (D:9)
  A hobgoblin skeleton (D:9)
  12 hobgoblin zombies
  3 kobold zombies (Ossuary)
  A leopard gecko skeleton (D:4)
  2 orc skeletons (D:9)
  11 orc zombies
  A quokka skeleton (D:4)
  10 rats
279 creatures vanquished.

Vanquished Creatures (collateral kills)
  A worker ant (D:8)
1 creature vanquished.

Vanquished Creatures (others)
  A yak (D:10)
1 creature vanquished.

Grand Total: 281 creatures vanquished

Notes
Turn   | Place    | Note
-------+----------+-------------------------------------------
     0 | D:1      | KristoblXynda the Troll Wizard began the quest for the Orb.
     0 | D:1      | Reached XP level 1. HP: 16/16 MP: 2/2
   112 | D:1      | Reached skill level 1 in Conjurations
   129 | D:1      | Reached skill level 1 in Unarmed Combat
   129 | D:1      | Reached XP level 2. HP: 24/24 MP: 4/4
   839 | D:2      | Reached XP level 3. HP: 31/31 MP: 5/5
   905 | D:2      | Reached skill level 2 in Unarmed Combat
   978 | D:2      | Found a faded altar of an unknown god.
  1148 | D:2      | Found a basalt altar of Yredelemnul.
  1187 | D:2      | Found a hide-covered altar of Uskayaw.
  1274 | D:2      | Reached XP level 4. HP: 39/39 MP: 6/6
  1598 | D:3      | Reached skill level 3 in Unarmed Combat
  1848 | D:3      | Reached XP level 5. HP: 44/45 MP: 7/7
  1876 | D:3      | Found a bloodstained altar of Trog.
  2406 | D:4      | Reached skill level 4 in Unarmed Combat
  2406 | D:4      | Reached XP level 6. HP: 36/53 MP: 8/8
  2539 | D:4      | Found a stormy altar of Qazlal.
  2793 | D:5      | Entered Level 5 of the Dungeon
  2930 | D:5      | Reached skill level 5 in Unarmed Combat
  2987 | D:5      | Reached XP level 7. HP: 58/59 MP: 9/9
  3024 | D:5      | Found a snail-covered altar of Cheibriados.
  3381 | D:5      | Got an iridescent mace
  3466 | D:6      | Found a sand-covered staircase.
  3473 | D:6      | Learned a level 3 spell: Mephitic Cloud
  3474 | Ossuary  | Entered an ossuary
  3825 | Ossuary  | Identified the +4 mace of the Postmodern Stars {speed, Dex+5} (You found it on level 5 of the Dungeon)
  3861 | D:6      | Reached skill level 6 in Unarmed Combat
  3869 | D:6      | Found a staircase to the Ecumenical Temple.
  3896 | Temple   | Entered the Ecumenical Temple
  3992 | Temple   | Became a worshipper of Ashenzari the Shackled
  4438 | D:6      | Reached XP level 8. HP: 64/67 MP: 10/10
  4681 | D:6      | Reached skill level 5 in Conjurations
  4708 | D:6      | Found a deep blue altar of Sif Muna.
  4888 | D:7      | Reached skill level 7 in Unarmed Combat
  5029 | D:7      | Found Peentups's Armour Shop.
  5672 | D:7      | Found a shimmering altar of Xom.
  5713 | D:8      | Reached skill level 8 in Unarmed Combat
  5773 | D:8      | Reached XP level 9. HP: 53/74 MP: 1/11
  6099 | D:8      | Noticed a two-headed ogre
  6280 | D:8      | Reached * piety under Ashenzari
  6286 | D:8      | Noticed Prince Ribbit
  6298 | D:8      | Killed Prince Ribbit
  6594 | D:8      | Got the whip "Toekuth" {antimagic, Fragile Str+7}
  6633 | D:9      | Found an iron altar of Okawaru.
  6635 | D:9      | Found a deep blue altar of Sif Muna.
  6635 | D:9      | Found an ancient bone altar of Kikubaaqudgha.
  6658 | D:9      | Reached skill level 9 in Unarmed Combat
  6659 | D:9      | Found a bloodstained altar of Trog.
  6662 | D:9      | Found a glowing golden altar of the Shining One.
  6940 | D:9      | Found a staircase to the Orcish Mines.
  7001 | D:9      | HP: 1/74 [wyvern (7)]
  7516 | D:9      | Noticed a two-headed ogre
  7531 | D:9      | Killed a two-headed ogre
  7531 | D:9      | Reached skill level 1 in Fighting
  7531 | D:9      | Reached skill level 10 in Unarmed Combat
  7531 | D:9      | Reached XP level 10. HP: 85/85 MP: 12/12
  7939 | D:9      | Found a blossoming altar of Fedhas.
  7941 | D:9      | Noticed an oklob plant
  7941 | D:9      | Noticed an oklob plant
  7965 | D:10     | Entered Level 10 of the Dungeon
  7984 | D:10     | Noticed Psyche
  8006 | D:10     | Killed Psyche
  8294 | D:10     | Noticed a purple ugly thing
  8316 | D:10     | Killed a purple ugly thing
  9006 | D:10     | Found a staircase to the Lair.
  9193 | D:10     | Reached XP level 11. HP: 19/98 MP: 13/13
  9658 | D:10     | Reached ** piety under Ashenzari
  9862 | D:11     | Noticed a two-headed ogre
  9872 | D:11     | Killed a two-headed ogre
  9872 | D:11     | Reached skill level 11 in Unarmed Combat
  9877 | D:11     | HP: 4/100 [killer bee (7)]
  9877 | D:11     | Slain by a killer bee

Vault maps used:
D:1:      tarquinn_simple_flora_water_b, minmay_misc_feat_four_crosses,
          minmay_crystal_water
D:2:      old_standard_altar, lemuel_zombie_altar_yredelemnul,
          chequers_ecumenical_altar_simple
D:3:      bloody_trog
D:4:      grunt_qazlal_clouds, first_ration, minmay_misc_feat_ornament,
          kennysheep_nub, serial_bayou_pond_d
D:5:      lemuel_doored_altar
D:6:      minmay_temple_entry_statues_fountains, nicolae_ossuary_entry_plus,
          lemuel_blue_sif_altar
D:7:      nicolae_overflow_hidden_temple, serial_shops, kennysheep_mini,
          grunt_ogre_cave
D:8:      uniq_prince_ribbit1
D:9:      grunt_temple_overflow_open, zombieorc2_lemuel, hangedman_tree_tricks
D:10:     erik_lair_orcish_takeover, uniq_psyche
D:11:     basic_altar
Temple:   minmay_temple_forest_path
Ossuary:  ossuary_tomb_2

Skill      XL: |  1  2  3  4  5  6  7  8  9 10 11 |
---------------+----------------------------------+-----
Conjurations   | 1 2 3 4 6 8 9 |  9.5
Unarmed Combat | 1 2 3 4 5 6 8 10 11 | 11.0
Fighting       | 1 3 4 |  4.1
Dodging        | |  1.5
Stealth        | |  1.0
Spellcasting   | |  2.0
Summonings     | |  0.6
Translocations | |  0.6

Action                   |  1- 3 |  4- 6 |  7- 9 | 10-12 || total
-------------------------+-------+-------+-------+-------++-------
Melee: Unarmed           |   167 |   199 |   483 |   224 ||  1073
       Punch             |       |     3 |    10 |     7 ||    20
 Cast: Mephitic Cloud    |       |       |     3 |     4 ||     7
Evoke: Wand              |       |       |     4 |     8 ||    12
  Use: Scroll            |       |     4 |    21 |     3 ||    28
       Potion            |       |       |     4 |     5 ||     9
 Stab: Sleeping          |     1 |     1 |     2 |       ||     4
       Confused          |       |       |     1 |     2 ||     3
       Paralysed         |       |       |     4 |     2 ||     6
  Eat: Chunk             |    17 |    16 |    40 |    23 ||    96
       Ration            |       |       |       |     1 ||     1
Armor: Robe              |    62 |    65 |   145 |    85 ||   357
       Skin              |       |       |    99 |       ||    99
Dodge: Dodged            |    81 |    73 |   179 |    84 ||   417

Table legend:
 A = Spawn XP
 B = Non-spawn XP
 C = Spawn XP percentage of total XP
 D = Spawn monster count
 E = Non-spawn monster count
 F = Spawn count percentage of total count
 G = Total turns spent on level
                    A         B        C        D         E        F      G
               +---------+---------+-------+---------+---------+-------+---------
         Total |       0 |   12631 |   0.0 |       0 |     280 |   0.0 |  9877
               +---------+---------+-------+---------+---------+-------+---------
           D:1 |       0 |      28 |   0.0 |       0 |      17 |   0.0 |   777
           D:2 |       0 |      69 |   0.0 |       0 |      31 |   0.0 |   521
           D:3 |       0 |     152 |   0.0 |       0 |      29 |   0.0 |   796
           D:4 |       0 |     211 |   0.0 |       0 |      14 |   0.0 |   699
           D:5 |       0 |     407 |   0.0 |       0 |      20 |   0.0 |   619
           D:6 |       0 |     361 |   0.0 |       0 |      14 |   0.0 |   549
           D:7 |       0 |     980 |   0.0 |       0 |      13 |   0.0 |   946
           D:8 |       0 |    1169 |   0.0 |       0 |      24 |   0.0 |   930
           D:9 |       0 |    2672 |   0.0 |       0 |      50 |   0.0 |  1348
          D:10 |       0 |    4778 |   0.0 |       0 |      36 |   0.0 |  1739
          D:11 |       0 |    1523 |   0.0 |       0 |       7 |   0.0 |   173
       Ossuary |       0 |     281 |   0.0 |       0 |      25 |   0.0 |   357
               +---------+---------+-------+---------+---------+-------+---------
